 Dungeon Crawl Stone Soup version 0.29-a0-506-ga2e7fffb44 (webtiles) character file.

Game seed: 15362194746013217878

1787 hquester the Skirmisher (level 8, -6/84 HPs)
             Began as a Troll Fighter on May 28, 2022.
             Was an Initiate of Qazlal.
             Mangled by a gnoll sergeant
             ... wielding a +0 spear
              (22 damage)
             ... on level 7 of the Dungeon.
             The game lasted 00:18:11 (5630 turns).

hquester the Skirmisher (Troll Fighter)             Turns: 5630, Time: 00:18:12

Health: -6/84      AC:  4    Str: 25    XL:     8   Next: 82%
Magic:  7/7        EV:  9    Int:  4    God:    Qazlal [......]
Gold:   138        SH: 16    Dex: 11    Spells: 7/7 levels left

rFire   . . .      SeeInvis .     - Unarmed
rCold   . . .      Faith    .   b - +3 kite shield
rNeg    . . .      Spirit   .   a - +0 robe
rPois   .          Reflect  +   (helmet restricted)
rElec   .          Harm     .   (no cloak)
rCorr   .          Rampage  .   (gloves unavailable)
Will    .....                   (boots unavailable)
Stlth   +.........              i - amulet of reflection
HPRegen 1.04/turn               (no ring)
MPRegen 0.10/turn               (no ring)

@: mighty, about to teleport
A: large, unfitting armour, claws 3, regeneration 1, shaggy fur 1, tough skin 1
a: Renounce Religion


You were on level 7 of the Dungeon.
You worshipped Qazlal.
Qazlal was noncommittal.
You visited 2 branches of the dungeon, and saw 8 of its levels.

You collected 332 gold pieces.
You spent 194 gold pieces at shops.

Inventory:

Hand Weapons
 q - a +1 mace
Missiles
 r - 3 throwing nets (quivered)
Armour
 a - a +0 robe (worn)
 b - a +3 kite shield (worn)
Jewellery
 h - an amulet of regeneration
 i - an amulet of reflection (around neck)
 l - a ring of magical power
 v - a ring of positive energy
Wands
 c - a wand of flame (14)
Scrolls
 d - 3 scrolls of amnesia
 e - a scroll of blinking
 g - a scroll of teleportation
 m - a scroll of immolation
 t - a scroll of fog
 u - a scroll of torment
 w - a scroll of vulnerability
Potions
 f - a potion of invisibility
 j - a potion of haste
 p - 2 potions of brilliance {unknown}
 s - a potion of attraction {unknown}


   Skills:
 * Level 6.3 Fighting
 + Level 2.3 Maces & Flails
 + Level 4.7 Dodging
 + Level 5.2 Shields
 + Level 5.2 Unarmed Combat


You had 7 spell levels left.
You didn't know any spells.
Your spell library contained the following spells:

 Spells                   Type           Power      Damage    Failure   Level
 Apportation              Tloc           0%         N/A       77%         1
 Freeze                   Ice            0%         1d3       77%         1
 Sublimation of Blood     Necr           0%         N/A       88%         2
 Wereblood                Tmut           0%         N/A       88%         2
 Dazzling Flash           Conj/Hex       0%         N/A       98%         3
 Frozen Ramparts          Ice            0%         1d2       98%         3
 Hailstorm                Conj/Ice       0%         3d3       100%        4
 Petrify                  Tmut/Erth      0%         N/A       100%        4
 Agony                    Necr           0%         N/A       100%        5
 Alistair's Intoxication  Tmut/Pois      0%         N/A       100%        5
 Irradiate                Conj/Tmut      0%         3d13      100%        5
 Silence                  Hex/Air        0%         N/A       100%        5
 Summon Hydra             Summ           0%         N/A       100%        7


Dungeon Overview and Level Annotations

Branches:
Dungeon (7/15)             Temple (1/1) D:5

Altars:
Ashenzari
Cheibriados
Dithmenos
Elyvilon
Fedhas
Gozag
Hepliaklqana
Kikubaaqudgha
Makhleb
Nemelex Xobeh
Okawaru
Qazlal
Ru
Sif Muna
Trog
Uskayaw
Vehumet
Wu Jian
Xom
Yredelemnul
Zin
The Shining One

Shops:
D:2 :   D:5 !?[!

Annotations:
D:4 2 transporters, bande's ghost, amateur GrFi
D:7 Dowan; Joseph


Innate Abilities, Weirdness & Mutations

You are too large for most types of armour.
You have claws for hands.
Your natural rate of healing is unusually fast.
You are covered in fur. (AC +1)
You have tough skin. (AC +1)


Message History

Dowan screams, "No!
No!"
Dowan seems to find hidden reserves of power!
Dowan gestures wildly while chanting.
Dowan blinks!
You block the orc's attack.
You mangle the gnoll!!
You kill the gnoll!
Qazlal accepts your kill. You block the orc's attack.
A wight comes into view. It is wielding a +0 morningstar.
You claw the gnoll!
The gnoll is heavily wounded.
You block the gnoll's attack. You block the gnoll sergeant's attack.
You block the orc's attack.
You claw the gnoll!
You kill the gnoll!
Qazlal accepts your kill. You block the gnoll sergeant's attack.
The orc hits you with a +0 falchion.
Joseph sighs, "Being a guard is usually so boring..."
You barely miss the orc. You block the orc's attack.
The gnoll sergeant hits you from afar with a +0 spear!
* * * LOW HITPOINT WARNING * * *
The orc priest looks encouraged for a moment.
You claw the orc!
You kill the orc!
Qazlal accepts your kill.
Dowan mumbles some strange words.
Dowan blinks!
The gnoll sergeant drinks a potion.
The gnoll sergeant seems to grow stronger.
Dowan gestures wildly while chanting.
Dowan blinks!
The bullfrog barely misses you.
As you read the scroll of teleportation, it crumbles to dust.
You feel strangely unstable.
The gnoll sergeant hits you from afar with a +0 spear!
* * * LOW HITPOINT WARNING * * *
A wight comes into view.
It is wielding a +1 long sword of electrocution.
The bullfrog hits you.
* * * LOW HITPOINT WARNING * * *
You feel better. You block the bullfrog's attack.
The gnoll sergeant hits you from afar with a +0 spear!!
You die...

.#.# . z#.#...
####......#
###....#.#.#
###..........#
#########.......##....#
#..............z# ...#
#........#.#.##F# ..#
#.......##.#.##@# .#
#..........#>.#)# .
#....<..#####§#g#
#.......# ##.zz###
######### #..oo@.#


#.ozozo.ooo.# #.......##e.. #.§.....# # ........## You could see Joseph, a gnoll
sergeant (strong), a bullfrog, 6 wights, 2 orc priests and 2 orcs.

Vanquished Creatures
  Prince Ribbit (D:5)
  A steam dragon (D:7)
  A water moccasin (D:7)
  Duvessa (D:7)
  An orc warrior (D:7)
  2 ogres (D:6)
  A phantom (D:6)
  2 necrophages
  A bullfrog (D:6)
  2 scorpions
  A howler monkey (D:5)
  3 orc priests
  A hound (D:6)
  A jelly (D:5)
  An iguana (D:5)
  Terence (D:2)
  3 orc wizards
  11 gnolls
  9 adders
  A white imp (D:5)
  3 worms
  3 dart slugs
  16 orcs
  7 ball pythons
  6 endoplasms
  3 giant cockroaches
  7 goblins
  13 hobgoblins
  4 quokkas
  7 bats
  4 frilled lizards
  15 kobolds
  3 rats
136 creatures vanquished.

Vanquished Creatures (others)
  8 fungi
  5 plants (D:2)
13 creatures vanquished.

Grand Total: 149 creatures vanquished

Notes
Turn   | Place    | Note
-------+----------+-------------------------------------------
     0 | D:1      | hquester the Troll Fighter began the quest for the Orb.
     0 | D:1      | Reached XP level 1. HP: 22/22 MP: 0/0
    58 | D:1      | Reached XP level 2. HP: 24/29 MP: 1/1
   463 | D:2      | Noticed Terence
   479 | D:2      | HP: 1/29 [Terence/+0 falchion (4)]
   483 | D:2      | Killed Terence
   484 | D:2      | Reached skill level 3 in Fighting
   484 | D:2      | Reached XP level 3. HP: 11/37 MP: 2/2
   626 | D:2      | Reached XP level 4. HP: 45/45 MP: 3/3
   904 | D:2      | Found Fuwegutz's Book Shoppe.
  1122 | D:2      | Found a shimmering altar of Xom.
  1260 | D:2      | Found a faded altar of an unknown god.
  1664 | D:3      | Reached XP level 5. HP: 49/53 MP: 4/4
  1836 | D:3      | Found a bloodstained altar of Trog.
  2695 | D:4      | Reached skill level 4 in Fighting
  2695 | D:4      | Reached XP level 6. HP: 62/62 MP: 5/5
  2909 | D:4      | Found a transporter.
  2910 | D:4      | Found a transporter.
  2910 | D:4      | Noticed bande's ghost (amateur GrFi)
  2912 | D:4      | Identified the +11 dire flail of Circularity {distort,
                  | Int+3 Dex+4}
  3196 | D:5      | Entered Level 5 of the Dungeon
  3316 | D:5      | Identified the +3 ring mail "Kacawk" {rC+ Dex+3}
  3326 | D:5      | Found Ulum's Armour Shoppe.
  3365 | D:5      | Reached XP level 7. HP: 71/71 MP: 6/6
  3458 | D:5      | Found Xuhegy's Distillery.
  3464 | D:5      | Noticed Prince Ribbit
  3547 | D:5      | Killed Prince Ribbit
  3548 | D:5      | Reached skill level 5 in Fighting
  3593 | D:5      | Found a staircase to the Ecumenical Temple.
  3600 | Temple   | Entered the Ecumenical Temple
  4153 | Temple   | Became a worshipper of Qazlal Stormbringer
  4247 | D:5      | Found Wuatamuc's Magic Scroll Boutique.
  4257 | D:5      | Bought a scroll of enchant armour for 97 gold pieces
  4257 | D:5      | Bought a scroll of enchant armour for 97 gold pieces
  4313 | D:5      | Found Urubb's Distillery.
  4894 | D:6      | Reached XP level 8. HP: 81/81 MP: 7/7
  4920 | D:6      | Reached skill level 1 in Maces & Flails
  5585 | D:7      | Noticed Duvessa
  5587 | D:7      | Noticed Dowan
  5597 | D:7      | Noticed Joseph
  5602 | D:7      | Reached skill level 5 in Shields
  5611 | D:7      | Reached skill level 6 in Fighting
  5611 | D:7      | Reached skill level 5 in Unarmed Combat
  5623 | D:7      | Killed Duvessa
  5630 | D:7      | Mangled by a gnoll sergeant

Illustrated notes

Levels and vault maps discovered:
D:1:      elethiomel_arrival_shortcut, layout_basic, minmay_tiny_reverse_x
D:2:      layout_basic, shapermc_ecumenical_altar_hornbeckon, serial_shops,
          nicolae_shop_window_shopping, basic_altar, uniq_terence
D:3:      layout_loops_ring, trog_hazing_becter
D:4:      layout_loops_corners, gammafunk_ghost_smash, sigmund_army
D:5:      layout_rooms, minmay_temple_entry_trees, serial_aquarium,
          aquarium_bridge_long_separate [aquarium_subvault_bridge,
          aquarium_subvault_bridge, aquarium_subvault_bridge,
          aquarium_subvault_bridge, aquarium_subvault_balcony,
          aquarium_subvault_wall], aquarium_window_corner,
          aquarium_window_corner, aquarium_window_fake, aquarium_window_fake,
          aquarium_view_2a, aquarium_pool_side, serial_shops,
          nicolae_shop_hallway_stairs, shop, shop,
          nicolae_shop_advertising_works [nicolae_subvault_shop_adworks],
          uniq_prince_ribbit1
D:6:      layout_cave_pods
D:7:      layout_rooms, amethyst_killhole, uniq_joseph, uniq_duvessa
Temple:   mainiacjoe_temple_starburst

Skill      XL: |  1  2  3  4  5  6  7  8 |
---------------+-------------------------+-----
Fighting       | 3 4 5 6 |  6.3
Shields        | 3 4 5 |  5.2
Dodging        | 3 4 |  4.7
Unarmed Combat | 3 4 5 |  5.2
Maces & Flails | 2 |  2.3

Action                   |  1- 3 |  4- 6 |  7- 9 || total
-------------------------+-------+-------+-------++-------
Melee: Unarmed           |    72 |   234 |   114 ||   420
  Use: Potion            |     1 |       |     4 ||     5
       Scroll            |       |    11 |     7 ||    18
Armor: Robe              |    25 |    24 |     8 ||    57
Dodge: Dodged            |    21 |    57 |    24 ||   102
Block: Kite shield       |    31 |   125 |    77 ||   233
       Reflection        |       |     2 |       ||     2

Table legend: (Time is in decaauts)
 A = Elapsed time spent in this place.
 B = Non-inter-level travel time spent in this place.
 C = Inter-level travel time spent in this place.
 D = Time resting spent in this place.
 E = Time spent auto-exploring this place.
 F = Levels seen in this place.
 G = Mean time per level.
                   A        B        C        D        E       F      G
               +--------+--------+--------+--------+--------+-----+--------+
         Total |   5665 |   5362 |    303 |    275 |   3664 |   8 |  708.1 |
       Dungeon |   5056 |   4808 |    248 |    275 |   3172 |   7 |  722.3 |
        Temple |    608 |    553 |     55 |      0 |    492 |   1 |  608.0 |
               +--------+--------+--------+--------+--------+-----+--------+

Top non-repeatable levels by time:
     D:4: 1189 daAuts
     D:6: 960 daAuts
     D:2: 894 daAuts
     D:3: 815 daAuts
     D:5: 663 daAuts
  Temple: 608 daAuts
     D:1: 460 daAuts
     D:7: 71 daAuts
